 Dungeon Crawl Stone Soup version 0.30-a0-802-gb92711bcdf (webtiles) character file.

Game seed: 6062766120182155430

232 retardedninja the Shield-Bearer (level 6, 0/47 HPs)
             Began as a Gnoll Fighter on Feb 23, 2023.
             Slain by Ijyb
             ... wielding a +0 club
              (4 damage)
             ... on level 3 of the Dungeon.
             The game lasted 00:03:21 (2657 turns).

retardedninja the Shield-Bearer (Gnoll Fighter)     Turns: 2657, Time: 00:03:22

Health: 0/47       AC: -4    Str: 16 (17) XL:     6   Next: 4%
Magic:  8/8        EV:  7    Int:  8      God:
Gold:   138        SH:  4    Dex:  6 (7)  Spells: 8/8 levels left

rFire   + . .      SeeInvis .    a - +0 flail
rCold   + . .      Faith    .    c - +0 buckler
rNeg    . . .      Spirit   .    l - +0 chain mail
rPois   +          Reflect  .    (no helmet)
rElec   +          Harm     .    i - +0 cloak
rCorr   +          Rampage  .    (no gloves)
Will    .....                    (no boots) Stlth
                                 (no amulet)
HPRegen 0.27/turn                (no ring)
MPRegen 0.11/turn                (no ring)

@: resistant, corroded, flying
A: fangs 1, strong nose, distributed training, clumsy 2, frail 1
a: no special abilities


You were on level 3 of the Dungeon.
You visited 1 branch of the dungeon, and saw 3 of its levels.
You also visited: Sewer.

You collected 138 gold pieces.

Inventory:

Hand Weapons
 a - a +0 flail (weapon)
Armour
 c - a +0 buckler (worn)
 d - a +0 troll leather armour {Pargi}
 i - a +0 cloak (worn)
 l - a +0 chain mail (worn)
Jewellery
 n - a ring of fire
 r - a +6 ring of strength
Scrolls
 g - 3 scrolls of identify {unknown}
 h - a scroll of summoning {unknown}
 k - 4 scrolls of teleportation {unknown}
 m - 2 scrolls of poison {unknown}
 p - 3 scrolls of fear {unknown}
 s - a scroll of torment {unknown}
 t - a scroll of amnesia {unknown}
 v - a scroll of magic mapping {unknown}
 x - a scroll of immolation {unknown}
Potions
 b - 2 potions of resistance
 e - a potion of curing
 f - a potion of brilliance {unknown}
 o - a potion of lignification {unknown}
 q - a potion of degeneration {unknown}
 u - a potion of attraction {unknown}
 z - a potion of flight


   Skills:
 + Level 6.8 Fighting
 + Level 1.8 Short Blades
 + Level 1.8 Long Blades
 + Level 1.8 Axes
 + Level 4.9 Maces & Flails
 + Level 1.8 Polearms
 + Level 1.8 Staves
 + Level 1.8 Ranged Weapons
 + Level 1.8 Throwing
 + Level 6.8 Armour
 + Level 1.8 Dodging
 + Level 1.8 Stealth
 + Level 6.8 Shields
 + Level 1.8 Unarmed Combat
 + Level 1.8 Spellcasting
 + Level 1.4 Conjurations
 + Level 1.4 Hexes
 + Level 1.4 Summonings
 + Level 1.4 Necromancy
 + Level 1.4 Translocations
 + Level 1.4 Transmutations
 + Level 1.4 Fire Magic
 + Level 1.4 Ice Magic
 + Level 1.4 Air Magic
 + Level 1.4 Earth Magic
 + Level 1.4 Poison Magic
 + Level 2.0 Invocations
 + Level 1.8 Evocations


You had 8 spell levels left.
You didn't know any spells.
Your spell library contained the following spells:

 Spells                   Type           Power      Damage    Failure   Level
 Sting                    Tmut/Pois      12%        1d3       98%         1
 Poisonous Vapours        Pois/Air       6%         N/A       99%         2
 Ignite Poison            Fire/Tmut/Pois 3%         N/A       100%        3
 Olgreb's Toxic Radiance  Pois           3%         N/A       100%        4
 Sticky Flame             Conj/Fire      3%         2d3       100%        4
 Ignition                 Fire           1%         3d3       100%        8


Dungeon Overview and Level Annotations

Branches:
Dungeon (3/15)              Sewer (visited)

Altars:

Shops:
D:3 *

Annotations:
D:3 Ijyb


Innate Abilities, Weirdness & Mutations

You have very sharp teeth.
Your uncanny sense of smell can sniff out nearby items.
Your experience applies equally to all skills.
You are very clumsy. (Dex -4)
You are frail. (-10% HP)


Message History

You barely miss Ijyb. Your bite misses Ijyb.
Ijyb is moderately wounded.
Ijyb misses you.
You hit Ijyb but do no damage. Your bite misses Ijyb.
Ijyb is moderately wounded.
Ijyb hits you with a +0 club. Ijyb closely misses you.
You barely miss Ijyb.
Ijyb is moderately wounded.
You block Ijyb's attack.
It was a potion of flight.
You feel very buoyant.
You fly up into the air.
Ijyb hits you with a +0 club.
Really quaff the potion of mutation?
You feel extremely strange.
You no longer feel heat resistant.
You feel healthier.
You feel clumsy. x2
You feel frail. Ijyb hits you with a +0 club.
You completely miss Ijyb. Your bite misses Ijyb.
Ijyb is moderately wounded.
Ijyb hits you with a +0 club.
You hit Ijyb but do no damage.
Ijyb is moderately wounded.
Ijyb zaps a wand.
The bolt of acid hits you! You resist.
You closely miss Ijyb.
Ijyb is moderately wounded.
Ijyb hits you with a +0 club!
* * * LOW HITPOINT WARNING * * *
You hit Ijyb.
Ijyb is moderately wounded.
Ijyb barely misses you.
You completely miss Ijyb. You bite Ijyb, but do no damage.
Ijyb is moderately wounded.
Ijyb hits you with a +0 club.
* * * LOW HITPOINT WARNING * * *
Ijyb hits you with a +0 club.
* * * LOW HITPOINT WARNING * * *
You hit Ijyb but do no damage.
Ijyb is moderately wounded.
Ijyb hits you with a +0 club.
You die...

∆ ∆#..# #.#....... # ∆
#..## #.#.###.## #. ∆
#...###.#####.## #..
##......^........
#...#####..#####.####....
..........## #.# #....
..##.....## ###.# #....
........###....... #....
#..##...@gJ..(.... ##...
#. ######......... #### #
........ #### ########
........ #####....
......PP. ####..∩.


You could see Ijyb and an endoplasm.

Vanquished Creatures
  Pargi (Sewer)
  Terence (D:2)
  5 adders
  A worm (D:3)
  A dart slug (D:1)
  2 orcs (D:3)
  5 ball pythons
  6 bats
  5 endoplasms
  6 giant cockroaches
  7 goblins
  4 hobgoblins
  8 kobolds
  3 quokkas
  3 frilled lizards
  5 rats
63 creatures vanquished.

Vanquished Creatures (others)
  A plant (D:3)
1 creature vanquished.

Grand Total: 64 creatures vanquished

Notes
Turn   | Place    | Note
-------+----------+-------------------------------------------
     0 | D:1      | retardedninja the Gnoll Fighter began the quest for the
                  | Orb.
     0 | D:1      | Reached XP level 1. HP: 23/23 MP: 1/1
   103 | D:1      | Reached XP level 2. HP: 24/29 MP: 2/2
   325 | D:1      | Found a faded altar of an unknown god.
   543 | D:1      | Reached XP level 3. HP: 35/35 MP: 3/3
   956 | D:2      | Reached skill level 1 in Invocations
  1316 | D:2      | Noticed Terence
  1333 | D:2      | Killed Terence
  1334 | D:2      | Reached skill level 1 in Short Blades
  1334 | D:2      | Reached skill level 1 in Long Blades
  1334 | D:2      | Reached skill level 1 in Axes
  1334 | D:2      | Reached skill level 1 in Polearms
  1334 | D:2      | Reached skill level 1 in Staves
  1334 | D:2      | Reached skill level 1 in Ranged Weapons
  1334 | D:2      | Reached skill level 1 in Throwing
  1334 | D:2      | Reached skill level 1 in Dodging
  1334 | D:2      | Reached skill level 1 in Stealth
  1334 | D:2      | Reached skill level 1 in Unarmed Combat
  1334 | D:2      | Reached skill level 1 in Spellcasting
  1334 | D:2      | Reached skill level 1 in Evocations
  1334 | D:2      | Reached XP level 4. HP: 12/41 MP: 5/5
  1660 | D:2      | Reached skill level 1 in Conjurations
  1660 | D:2      | Reached skill level 1 in Hexes
  1660 | D:2      | Reached skill level 1 in Summonings
  1660 | D:2      | Reached skill level 1 in Necromancy
  1660 | D:2      | Reached skill level 1 in Translocations
  1660 | D:2      | Reached skill level 1 in Transmutations
  1660 | D:2      | Reached skill level 1 in Fire Magic
  1660 | D:2      | Reached skill level 1 in Ice Magic
  1660 | D:2      | Reached skill level 1 in Air Magic
  1660 | D:2      | Reached skill level 1 in Earth Magic
  1660 | D:2      | Reached skill level 1 in Poison Magic
  2204 | D:3      | Reached XP level 5. HP: 47/47 MP: 7/7
  2209 | D:3      | Found a glowing drain.
  2218 | Sewer    | Entered a sewer
  2267 | Sewer    | Noticed Pargi
  2278 | Sewer    | Killed Pargi
  2441 | D:3      | Found Kutaur's Assorted Antiques.
  2487 | D:3      | Reached XP level 6. HP: 53/53 MP: 8/8
  2628 | D:3      | Noticed Ijyb
  2638 | D:3      | Gained mutation: Your body sometimes deteriorates upon
                  | taking damage. [potion of mutation]
  2638 | D:3      | Gained mutation: Your flesh is heat resistant. (rF+)
                  | [potion of mutation]
  2651 | D:3      | Lost mutation: Your flesh is heat resistant. (rF+) [potion
                  | of mutation]
  2651 | D:3      | Lost mutation: Your body sometimes deteriorates upon taking
                  | damage. [potion of mutation]
  2651 | D:3      | Gained mutation: You are clumsy. (Dex -2) [potion of
                  | mutation]
  2651 | D:3      | Gained mutation: You are very clumsy. (Dex -4) [potion of
                  | mutation]
  2651 | D:3      | Gained mutation: You are frail. (-10% HP) [potion of
                  | mutation]
  2657 | D:3      | Slain by Ijyb

Illustrated notes

Levels and vault maps discovered:
D:1:      lightli_arrival_chessboard, layout_basic,
          shapermc_ecumenical_altar_venn
D:2:      layout_loops_corners, uniq_terence
D:3:      layout_basic, serial_shops, nicolae_shop_overgrown_old_shop,
          portal_sewer_entry_d, kennysheep_jessica_study,
          uniq_crazy_yiuf_cottage, uniq_ijyb

Skill      XL: |  1  2  3  4  5 |
---------------+----------------+-----
Invocations    | 1 2 |  2.0
Short Blades   | 1 |  1.8
Long Blades    | 1 |  1.8
Axes           | 1 |  1.8
Polearms       | 1 |  1.8
Staves         | 1 |  1.8
Ranged Weapons | 1 |  1.8
Throwing       | 1 |  1.8
Dodging        | 1 |  1.8
Stealth        | 1 |  1.8
Unarmed Combat | 1 |  1.8
Spellcasting   | 1 |  1.8
Evocations     | 1 |  1.8
Conjurations   | 1 |  1.4
Hexes          | 1 |  1.4
Summonings     | 1 |  1.4
Necromancy     | 1 |  1.4
Translocations | 1 |  1.4
Transmutations | 1 |  1.4
Fire Magic     | 1 |  1.4
Ice Magic      | 1 |  1.4
Air Magic      | 1 |  1.4
Earth Magic    | 1 |  1.4
Poison Magic   | 1 |  1.4
Fighting       | |  6.8
Maces & Flails | |  4.9
Armour         | |  6.8
Shields        | |  6.8

Action                     |  1- 3 |  4- 6 || total
---------------------------+-------+-------++-------
  Melee: Flail             |   107 |   132 ||   239
         Bite              |    10 |    11 ||    21
    Use: Potion            |       |     8 ||     8
 Armour: Scale mail        |    30 |       ||    30
         Chain mail        |    17 |    80 ||    97
  Dodge: Dodged            |    34 |    51 ||    85
  Block: Buckler           |    26 |    35 ||    61

Table legend: (Time is in decaauts)
 A = Elapsed time spent in this place.
 B = Non-inter-level travel time spent in this place.
 C = Inter-level travel time spent in this place.
 D = Time resting spent in this place.
 E = Time spent auto-exploring this place.
 F = Levels seen in this place.
 G = Mean time per level.
                   A        B        C        D        E       F      G
               +--------+--------+--------+--------+--------+-----+--------+
         Total |   2712 |   2670 |     42 |    284 |   1745 |   4 |  678.0 |
       Dungeon |   2509 |   2467 |     42 |    245 |   1647 |   3 |  836.3 |
         Sewer |    202 |    202 |      0 |     39 |     98 |   1 |  202.0 |
               +--------+--------+--------+--------+--------+-----+--------+

Top non-repeatable levels by time:
     D:2: 1115 daAuts
     D:1: 879 daAuts
     D:3: 514 daAuts
   Sewer: 202 daAuts
